Map: Efflorescence LE

Players

Smoke - Winner!

  • Race: Terran Terran
  • League: Diamond
  • Spawn Location: 9:00

Martabaff - Winner!

  • Race: Protoss Protoss
  • League: Diamond
  • Spawn Location: 6:00

Massa

  • Race: Terran Terran
  • League: Platinum
  • Spawn Location: 12:00

qqq

  • Race: Zerg Zerg
  • League: Platinum
  • Spawn Location: 3:00

VOD

Have the link to the VOD?

Description

Time

  • Played on: Nov. 24, 2020, 3:43 p.m.
  • Length: 8:41
Show
View Real Time Build Order
Export as new Build Order

Smoke Terran - Winner!

Build Orders:  

Get SALT Encoding   

  12  0:00  SCV  
  13  0:12  SCV  
  14  0:18  Supply Depot  
  14  0:24  SCV  
  15  0:29  Refinery  
  15  0:39  SCV  
  16  0:46  Barracks  
  16  0:52  SCV  
  17  0:57  Refinery  
  17  1:04  SCV  
  18  1:16  SCV  
  19  1:34  Orbital Command, Reaper  
  19  1:39  Factory  
  20  1:48  Supply Depot  
  20  1:59  SCV  
  21  2:07  Reaper  
  22  2:13  Barracks  
  22  2:16  SCV  
  22  2:22  Factory Tech Lab  
  23  2:28  SCV  
  24  2:31  Supply Depot  
  24  2:39  Barracks Reactor  
  24  2:40  SCV  
  25  2:50  Siege Tank  
  28  2:54  SCV  
  29  3:03  Barracks Tech Lab  
  29  3:12  Bunker  
  29  3:15  SCV  
  29  3:17  Marine x2  
  32  3:23  Siege Tank  
  32  3:25  Marine  
  36  3:27  Stimpack  
  36  3:41  Marine x2  
  38  3:50  Marine  
  39  3:56  Command Center  
  39  4:03  Engineering Bay  
  39  4:21  Supply Depot  
  39  4:27  Supply Depot  
  39  4:42  Marine x3  
  39  4:54  Supply Depot  
  39  4:56  Siege Tank  
  42  5:01  Missile Turret  
  42  5:02  Starport  
  42  5:11  SCV  
  43  5:14  Terran Infantry Weapons Level 1  
  43  5:15  Supply Depot  
  43  5:22  Missile Turret  
  43  5:27  Combat Shield  
  43  5:33  Marine  
  44  5:43  SCV  
  44  5:44  Missile Turret  
  44  5:48  Orbital Command  
  45  5:51  Starport Reactor  
  45  5:53  Marine  
  46  6:01  Marine x2  
  48  6:06  SCV  
  48  6:11  Marine  
  50  6:20  SCV x2  
  50  6:24  Refinery  
  52  6:28  Marine x2  
  52  6:29  Medivac x2  
  52  6:32  SCV x2  
  60  6:42  Marine, Supply Depot  
  60  6:44  SCV  
  60  6:45  Siege Tank  
  60  6:46  Marine x2  
  67  6:48  SCV  
  67  6:49  Supply Depot  
  68  7:09  Command Center  
  68  7:11  SCV  
  68  7:13  Marine x2, Medivac  
  68  7:14  Marine  
  74  7:21  Barracks  
  74  7:38  SCV x2, Supply Depot  
  74  7:43  Missile Turret  
  76  7:44  Supply Depot  
  76  7:46  Marine  
  76  7:47  Marine  
  76  7:50  Missile Turret  
  78  7:55  Marine  
  78  7:57  Siege Tank  
  86  8:05  SCV x2  
  87  8:13  Refinery, Missile Turret  
  87  8:17  SCV  
Show
View Real Time Build Order
Export as new Build Order

Martabaff Protoss - Winner!

Build Orders: 1 Gate Expand, Oracle Opening 

Get SALT Encoding   

  12  0:00  Probe  
  13  0:12  Probe  
  14  0:20  Pylon  
  14  0:24  Probe (Chrono Boost)  
  15  0:39  Probe (Chrono Boost)  
  15  0:41  Gateway  
  16  0:46  Probe (Chrono Boost)  
  16  0:49  Assimilator  
  17  0:53  Probe  
  18  1:05  Probe  
  19  1:17  Probe  
  20  1:29  Probe  
  20  1:31  Cybernetics Core  
  21  1:41  Probe  
  21  1:44  Nexus  
  22  1:50  Pylon  
  22  1:54  Probe  
  22  2:00  Assimilator  
  23  2:08  Probe  
  23  2:10  Adept  
  26  2:20  Probe  
  27  2:26  Stargate  
  27  2:36  Probe  
  28  2:39  Warp Gate  
  28  2:40  Adept  
  30  2:50  Probe (Chrono Boost)  
  31  2:56  Probe (Chrono Boost)  
  33  3:05  Probe (Chrono Boost)  
  33  3:07  Oracle (Chrono Boost), Pylon  
  33  3:10  Adept  
  38  3:13  Probe  
  38  3:14  Probe  
  40  3:25  Probe  
  40  3:26  Probe  
  42  3:29  Assimilator  
  42  3:34  Oracle (Chrono Boost), Assimilator  
  42  3:40  Probe (Chrono Boost)  
  47  3:42  Probe (Chrono Boost)  
  47  3:47  Pylon  
  47  3:52  Probe (Chrono Boost)  
  49  3:57  Probe (Chrono Boost)  
  49  4:24  Oracle (Chrono Boost)  
  53  4:54  Phoenix  
  53  4:55  Probe (Chrono Boost)  
  53  4:58  Probe (Chrono Boost)  
  58  5:08  Probe x2 (Chrono Boost)  
  58  5:11  Robotics Facility  
  58  5:15  Stargate  
  58  5:20  Nexus  
  58  5:21  Pylon  
  58  5:22  Probe x2, Pylon  
  60  5:29  Pylon  
  60  5:32  Phoenix  
  62  5:39  Probe, Pylon  
  62  5:40  Pylon  
  63  5:43  Adept  
  65  5:51  Protoss Air Weapons Level 1 (Chrono Boost)  
  65  5:57  Phoenix  
  67  6:14  Phoenix  
  69  6:20  Observer (Chrono Boost)  
  69  6:22  Probe, Phoenix  
  73  6:27  Forge  
  73  6:35  Probe (Chrono Boost)  
  73  6:38  Probe x2 (Chrono Boost)  
  73  6:39  Phoenix  
  78  6:46  Probe (Chrono Boost)  
  80  6:47  Probe (Chrono Boost), Phoenix  
  80  6:50  Probe (Chrono Boost)  
  80  6:52  Probe, Assimilator  
  80  6:53  Probe  
  83  6:56  Assimilator  
  86  7:01  Probe  
  86  7:03  Photon Cannon  
  86  7:04  Probe, Phoenix  
  86  7:05  Probe  
  90  7:10  Photon Cannon  
  90  7:12  Photon Cannon, Phoenix  
  90  7:13  Probe (Chrono Boost)  
  93  7:18  Photon Cannon  
  93  7:20  Probe x2 (Chrono Boost)  
  95  7:25  Probe (Chrono Boost)  
  95  7:28  Phoenix  
  100  7:32  Probe x3 (Chrono Boost)  
  101  7:37  Fleet Beacon  
  101  7:39  Probe  
  101  7:41  Probe x2, Stargate  
  101  7:43  Phoenix  
  106  7:51  Probe  
  106  7:53  Probe x2  
  106  7:57  Phoenix  
  111  8:03  Pylon  
  111  8:04  Pylon  
  111  8:07  Shield Battery  
  111  8:08  Phoenix  
  111  8:09  Shield Battery  
Show
View Real Time Build Order
Export as new Build Order

Massa Terran 

Build Orders:  

Get SALT Encoding   

  12  0:00  SCV  
  13  0:12  SCV  
  14  0:17  Supply Depot  
  14  0:24  SCV  
  15  0:39  SCV  
  15  0:40  Barracks  
  16  0:51  SCV  
  16  0:53  Supply Depot  
  17  1:03  SCV  
  18  1:07  Barracks  
  18  1:16  Barracks  
  18  1:23  SCV  
  19  1:31  Refinery  
  19  1:33  Marine  
  19  1:35  SCV  
  21  1:47  SCV  
  21  1:52  Marine  
  23  2:00  Marine  
  24  2:01  Orbital Command  
  24  2:07  Supply Depot  
  24  2:11  Barracks Tech Lab  
  24  2:12  Marine  
  25  2:19  Marine  
  26  2:29  Marine  
  26  2:30  Marine  
  28  2:37  Marine  
  28  2:43  Stimpack  
  29  2:47  Marine  
  29  2:48  Marine  
  31  2:55  Marine  
  32  3:02  Supply Depot  
  32  3:05  Marine, Supply Depot  
  32  3:06  Marauder  
  35  3:13  Marine  
  36  3:23  Marine  
  37  3:28  Marauder  
  37  3:31  Marine  
  40  3:39  Supply Depot  
  40  3:41  Marine  
  41  3:49  Marauder, Marine  
  44  3:59  Marine  
  45  4:06  Marine  
  46  4:11  Marauder  
  46  4:16  Marine  
  48  4:17  Command Center  
  48  4:23  Combat Shield  
  49  4:24  Marine  
  50  4:32  Marauder  
  50  4:34  Marine  
  53  4:42  Marine  
  37  4:52  Marine  
  34  4:53  Marauder  
  34  4:57  SCV  
  37  5:00  Marine  
  37  5:04  Factory  
  38  5:09  SCV, Engineering Bay  
  39  5:15  Marauder  
  39  5:16  Marine  
  39  5:18  Marine  
  43  5:21  SCV  
  44  5:32  Orbital Command  
  44  5:33  SCV, Supply Depot  
  45  5:36  Marauder  
  45  5:37  Missile Turret  
  45  5:40  Missile Turret  
  47  5:47  Concussive Shells  
  47  5:49  Factory Tech Lab  
  47  6:02  Missile Turret  
  47  6:05  Missile Turret  
  47  6:06  Marauder  
  47  6:09  Marine  
  51  6:12  Barracks Reactor  
  50  6:27  Refinery, SCV x2, Marine  
  50  6:28  Marauder  
  55  6:33  Refinery  
  55  6:38  Missile Turret  
  55  6:45  Marine  
  56  6:53  Sensor Tower  
  56  7:00  SCV x2  
  58  7:01  Refinery  
  58  7:12  SCV x2  
  58  7:14  Siege Tank  
  63  7:24  SCV x2  
  65  7:33  Starport  
  65  7:36  SCV x2  
  67  7:38  Marauder, Marine x2  
  67  7:39  Marine  
  72  7:46  Siege Tank  
  72  7:48  SCV  
  76  7:56  Marine  
  77  7:59  Marauder  
  77  8:00  Marine x2  
  81  8:06  SCV  
  81  8:07  SCV  
  83  8:13  Marine  
  83  8:17  Starport Reactor  
  83  8:18  Marine x2  
  86  8:25  Command Center  
  86  8:27  Supply Depot  
  86  8:28  SCV x2  
Show
View Real Time Build Order
Export as new Build Order

qqq Zerg 

Build Orders: Hatch First 

Get SALT Encoding   

  12  0:00  Drone  
  13  0:10  Drone  
  14  0:29  Overlord  
  14  0:39  Overlord  
  14  0:54  Hatchery  
  14  0:56  Drone  
  14  0:58  Drone  
  14  1:03  Drone  
  16  1:16  Drone  
  17  1:18  Extractor  
  17  1:20  Drone  
  17  1:30  Drone  
  18  1:42  Spawning Pool  
  18  1:44  Drone  
  18  2:02  Drone x2  
  18  2:06  Drone  
  21  2:22  Overlord  
  21  2:26  Drone  
  21  2:29  Queen  
  24  2:30  Queen  
  24  2:35  Zergling x2  
  24  2:36  Zergling x2  
  28  2:37  Drone  
  29  2:44  Drone  
  29  2:46  Zergling x2  
  29  2:49  Metabolic Boost  
  30  2:58  Zergling x2  
  30  3:01  Overlord  
  30  3:02  Zergling x2  
  32  3:09  Zergling x2  
  32  3:11  Drone  
  34  3:16  Zergling x2  
  35  3:22  Drone  
  36  3:32  Zergling x2  
  36  3:33  Zergling x2  
  38  3:45  Zergling x2  
  38  3:46  Zergling x6  
  38  3:48  Zergling x2, Overlord  
  43  3:50  Zergling x2  
  43  3:52  Hatchery, Zergling x2  
  41  4:11  Spore Crawler  
  41  4:12  Drone x2  
  41  4:13  Drone x4  
  42  4:21  Spore Crawler  
  41  4:35  Drone  
  41  4:36  Drone x2  
  28  4:49  Drone  
  28  4:50  Lair  
  29  5:04  Drone  
  30  5:07  Extractor  
  30  5:08  Drone x2  
  30  5:09  Drone x4  
  30  5:10  Drone  
  30  5:13  Drone  
  37  5:21  Drone  
  38  5:24  Drone  
  38  5:26  Drone x2  
  38  5:27  Drone x3  
  38  5:28  Drone  
  45  5:35  Overlord  
  45  5:36  Drone x2  
  45  5:37  Drone  
  45  5:39  Drone  
  49  5:52  Overlord  
  49  5:57  Drone  
  46  6:02  Spire  
  46  6:04  Zergling x6  
  46  6:12  Queen, Spore Crawler  
  46  6:13  Drone x4  
  46  6:15  Extractor  
  46  6:16  Extractor  
  49  6:26  Spore Crawler  
  49  6:27  Drone x2  
  49  6:28  Drone x3  
  53  6:48  Drone  
  53  6:49  Drone x2  
  56  6:55  Drone, Overlord  
  56  6:58  Drone x2  
  56  7:01  Queen, Spore Crawler  
  58  7:02  Spine Crawler  
  58  7:03  Drone  
  60  7:10  Overlord x2  
  60  7:19  Hatchery  
  60  7:20  Extractor  
  60  7:21  Drone  
  60  7:22  Extractor, Drone, Mutalisk  
  59  7:23  Corruptor  
  63  7:31  Corruptor  
  63  7:36  Corruptor  
  67  7:39  Mutalisk  
  69  7:52  Corruptor  
  69  7:58  Hatchery  
  70  8:02  Corruptor  
  70  8:04  Mutalisk x2  
  76  8:14  Mutalisk x2  
  76  8:16  Infestation Pit  
  76  8:19  Drone  
  82  8:20  Drone  
  82  8:22  Drone  
Tags
 
Add a new tag
Caveats
  • Supply blocks, unpowered buildings, or Contaminate may cause inaccurate times.
  • Supply counts are checked every 10 seconds.